 Dungeon Crawl Stone Soup version 0.24-a0-355-gbe4061de67 (webtiles) character file.

Game seed: 2180747283247860330

90216 Borgoz the Fencer (level 15, -1/136 HPs)
             Began as a Minotaur Gladiator on May 24, 2019.
             Was a High Priest of Ashenzari.
             Slain by an orc warrior
             ... wielding a +0 halberd
              (16 damage)
             ... on level 2 of the Orcish Mines.
             The game lasted 00:46:25 (27778 turns).

Borgoz the Fencer (Minotaur Gladiator)             Turns: 27778, Time: 00:46:25

Health: -1/136     AC: 18    Str: 24    XL:     15   Next: 51%
Magic:  0/14       EV: 18    Int:  5    God:    Ashenzari [*****.]
Gold:   2339       SH:  0    Dex: 18    Spells: 14/14 levels left

rFire    x . .     SeeInvis +   b - +5 great sword
rCold    + . .     Gourm    .   (shield currently unavailable)
rNeg     . . .     Faith    .   G - +0 plate armour
rPois    .         Spirit   +   (helmet restricted)
rElec    .         Reflect  .   z - scarf {repulsion}
rCorr    .         Harm     .   (no gloves)
MR       +....     Clarity  +   E - +1 pair of boots
Stlth    ..........             n - amulet of guardian spirit
HPRegen  0.32/turn              H - +5 ring of dexterity
MPRegen  0.14/turn              k - ring of ice

@: repel missiles
A: retaliatory headbutt, horns 2
a: Curse Item, Scrying, Transfer Knowledge, Renounce Religion


You were on level 2 of the Orcish Mines.
You worshipped Ashenzari.
Ashenzari was extremely pleased with you.
You were very hungry.

You visited 4 branches of the dungeon, and saw 24 of its levels.
You also visited: Sewer and Ice Cave.

You collected 2339 gold pieces.

Inventory:

Hand Weapons
 a - a +4 scimitar of flaming
 b - a +5 great sword (weapon)
 t - the +3 flail of Qowikh {freeze, MR++}
   (You found it in an ice cave)

   It has been specially enchanted to freeze those struck by it, causing extra
   injury to most foes and up to half again as much damage against particularly
   susceptible opponents.
   It can also slow down cold-blooded creatures.
   It affects your resistance to hostile enchantments.
Missiles
 N - a throwing net (quivered)
Armour
 z - a scarf of repulsion (worn)
 E - a +1 pair of boots (worn)
 G - a +0 plate armour (worn)
 K - a +3 chain mail of fire resistance
Jewellery
 c - an uncursed ring of protection from magic
 k - a ring of ice (right hand)
 n - an amulet of guardian spirit (around neck)
 q - the ring of Bugay {rN+ Int+4}
   (You found it on level 3 of the Lair of Beasts)

   [ring of positive energy]

   It affects your intelligence (+4).
   It protects you from negative energy.
 B - an uncursed ring of protection from magic
 D - an uncursed ring of resist corrosion
 H - a +5 ring of dexterity (left hand)
Wands
 o - a wand of scattershot (4)
 u - a wand of acid (5)
 w - a wand of paralysis (9)
 x - a wand of polymorph (15)
 J - a wand of enslavement (8)
 L - a wand of digging (7)
Scrolls
 e - a scroll of amnesia
 g - 8 scrolls of remove curse
 h - 6 scrolls of identify
 i - 10 scrolls of fear
 j - 8 scrolls of teleportation
 m - 7 scrolls of blinking
 s - 5 scrolls of magic mapping
 y - 4 scrolls of enchant weapon
 I - 2 scrolls of enchant armour
 S - 2 scrolls of fog
Potions
 d - 2 potions of flight
 l - a potion of magic
 p - a potion of resistance
 v - a potion of agility
 A - 5 potions of lignification
 C - 5 potions of curing
 F - 2 potions of cancellation
 M - 3 potions of haste
 Q - a potion of heal wounds
Comestibles
 f - 46 rations


   Skills:
 + Level 13.6 Fighting
 * Level 18.4 Long Blades
 - Level 2.0 Throwing
 + Level 13.3 Armour
 * Level 17.1 Dodging


You had 14 spell levels left.
You didn't know any spells.
Your spell library contained the following spells:

 Spells                   Type           Power        Failure   Level  Hunger
 Freeze                   Ice            #...         99%         1    ##.....
 Magic Dart               Conj           #...         99%         1    ##.....
 Sandblast                Erth           #.....       99%         1    ##.....
 Sting                    Conj/Pois      #...         99%         1    ##.....
 Summon Small Mammal      Summ           #...         99%         1    ##.....
 Blink                    Tloc           N/A          100%        2    ###....
 Call Imp                 Summ           #.......     100%        2    ###....
 Passwall                 Tmut/Erth      #.......     100%        2    ###....
 Poisonous Vapours        Pois/Air       #.....       100%        2    ###....
 Searing Ray              Conj           #.....       100%        2    ###....
 Shroud of Golubria       Chrm/Tloc      #.........   100%        2    ###....
 Slow                     Hex            #.......     100%        2    ###....
 Throw Frost              Conj/Ice       #.....       100%        2    ###....
 Call Canine Familiar     Summ           #.......     100%        3    ####...
 Conjure Flame            Conj/Fire      #.......     100%        3    ####...
 Dazzling Spray           Conj/Hex       #.....       100%        3    ####...
 Gell's Gravitas          Tloc           #.........   100%        3    ####...
 Lesser Beckoning         Tloc           #.........   100%        3    ####...
 Mephitic Cloud           Conj/Pois/Air  #.......     100%        3    ####...
 Ozocubu's Armour         Chrm/Ice       #.......     100%        3    ####...
 Recall                   Summ/Tloc      N/A          100%        3    ####...
 Stone Arrow              Conj/Erth      #.....       100%        3    ####...
 Summon Guardian Golem    Hex/Summ       #.......     100%        3    ####...
 Teleport Other           Tloc           #.......     100%        3    ####...
 Force Lance              Conj/Tloc      #.......     100%        4    #####..
 Fulminant Prism          Conj/Hex       #.........   100%        4    #####..
 Iskenderun's Mystic Bla  Conj           #.......     100%        4    #####..
 Olgreb's Toxic Radiance  Pois           #.......     100%        4    #####..
 Passage of Golubria      Tloc           N/A          100%        4    #####..
 Petrify                  Tmut/Erth      #.......     100%        4    #####..
 Summon Ice Beast         Ice/Summ       #.......     100%        4    #####..
 Summon Lightning Spire   Summ/Air       #.......     100%        4    #####..
 Throw Icicle             Conj/Ice       #.......     100%        4    #####..
 Aura of Abjuration       Summ           #.........   100%        5    ######.
 Lee's Rapid Deconstruct  Erth           #.........   100%        5    ######.
 Summon Demon             Summ           #.........   100%        5    ######.
 Summon Forest            Summ/Tloc      #.........   100%        5    ######.
 Summon Mana Viper        Hex/Summ       #.......     100%        5    ######.
 Venom Bolt               Conj/Pois      #.........   100%        5    ######.
 Shadow Creatures         Summ           N/A          100%        6    #######


Dungeon Overview and Level Annotations

Branches:
Dungeon (15/15)            Temple (1/1) D:5            Lair (6/6) D:8
  Swamp (0/4) Lair:3        Snake (0/4) Lair:3        Slime (0/5) Lair:5
    Orc (2/2) D:9             Elf (0/3) Orc:2        Vaults (0/5) D:14
 Depths (0/5) D:15

Altars:
Ashenzari
Cheibriados
Dithmenos
Elyvilon
Fedhas
Gozag
Hepliaklqana
Kikubaaqudgha
Nemelex Xobeh
Okawaru
Qazlal
Ru
Sif Muna
Trog
Uskayaw
Vehumet
Wu Jian
Xom
Yredelemnul

Shops:
D:4 %   D:8 ?=   D:10 [

Annotations:
D:10 2 transporters, Hylith's ghost, journeyman MfGl


Innate Abilities, Weirdness & Mutations

You reflexively headbutt those who attack you in melee.
You have a pair of horns on your head.


Message History

You hit the orc priest.
The orc priest is lightly wounded.
The orc closely misses you. You furiously retaliate!
You headbutt the orc!
You kill the orc!
The orc warrior hits you but does no damage.
You slash the orc priest!
The orc priest is almost dead.
The orc priest looks encouraged for a moment.
The orc warrior closely misses you.
You closely miss the orc warrior.
The orc warrior is severely wounded.
The orc priest barely misses you. You furiously retaliate!
You headbutt the orc priest!
You kill the orc priest!
An orc warrior comes into view. It is wielding a +0 long sword.
The orc wizard shouts!
The orc warrior shouts!
You hear a shout! x2
The orc closely misses you. You furiously retaliate!
You headbutt the orc!
You kill the orc!
The orc warrior hits you with a +0 halberd!
You die...

......########.........o.....§..,
..(..## ##.........oo)....$.
[)[.## #....####..#ooh..#. *
.#.## ##...#∩,####8)..8#* .###
##....#, *#{{o{.# , .### #.....##
,*#{o{{3#*,, ##.## ##.#)).##{
#{{{..# ##..# ##.###)o.#*
.....{5., ....###
#....)@###**,........#* ....#.##
##.....†.8............, ....#..#
##........oo. , ,, ...>#..##
#............ ,_ #...)...#
#............,, , ,, ##...))##
#.......8...., ,, , .....<.#
##....#####.., ,, * ...<..##
#...## ** .. ...#...# * ,,** * ,
* , ,


You could see 2 orc warriors and an orc wizard.

Vanquished Creatures
  Gastronok (D:12)
  An orc warlord (Orc:2)
  An ettin (Orc:1)
  A yaktaur captain (D:15)
  A fire dragon (D:15)
  A vault guard (D:14)
  An ice dragon (D:14)
  6 hydras
  A catoblepas (Lair:5)
  7 two-headed ogres
  Erica (D:10)
  5 centaur warriors
  An orc high priest (Orc:2)
  Urug (D:13)
  A tengu warrior (D:15)
  5 death yaks (Lair:5)
  A skeletal warrior (D:13)
  A deep troll (D:14)
  A necromancer (IceCv)
  An orc knight (Orc:2)
  3 cyclopes
  2 orc sorcerers
  4 ugly things
  4 oklob plants (Lair:4)
  5 deep elf magi
  Maurice (D:12)
  2 centaur zombies
  4 black mambas
  4 ice statues (IceCv)
  9 spiny frogs
  Psyche (D:12)
  3 gargoyles
  3 efreet
  A yaktaur (D:15)
  9 ice devils (IceCv)
  7 komodo dragons
  4 kobold demonologists
  3 trolls
  4 hornets
  9 polar bears (Lair:6)
  10 slime creatures
  15 blink frogs
  2 dream sheep (D:8)
  4 raiju (Lair:6)
  10 hippogriffs
  A meliai zombie (D:15)
  Sigmund (D:3)
  A shadow (D:13)
  2 wraiths
  Grum (Lair:1)
  2 vampires
  6 wyverns
  52 yaks
  7 hungry ghosts
  6 basilisks
  Eustachio (D:6)
  A vampire mosquito (D:13)
  7 wargs
  A two-headed ogre zombie (D:9)
  4 swamp worms (Lair:3)
  An acid dragon (D:10)
  3 nagas (Lair:3)
  13 hell hounds (Lair:6)
  18 water moccasins
  14 porcupines
  5 ice beasts
  16 orc warriors
  3 hornet zombies
  12 black bears
  4 boggarts (Lair:5)
  13 ogres
  4 phantoms
  25 wolves
  2 eyes of draining
  3 necrophages
  10 centaurs
  11 crocodiles
  5 big kobolds
  21 bullfrogs
  A wyvern skeleton (D:14)
  2 troll zombies (D:9)
  4 scorpions
  A water moccasin skeleton (D:7)
  12 killer bees
  10 wights
  10 howler monkeys
  2 electric eels
  6 crimson imps
  3 hounds
  A quasit (D:14)
  A bullfrog skeleton (D:10)
  2 draconian simulacra (IceCv)
  A gnoll shaman (Orc:2)
  13 orc priests
  9 jellies
  2 centaur skeletons
  12 orc wizards
  Crazy Yiuf (D:4)
  4 iguanas
  Terence (D:3)
  2 troll simulacra (IceCv)
  11 worker ants
  A spriggan simulacrum (IceCv)
  A centaur simulacrum (IceCv)
  5 ogre zombies (D:9)
  A hound zombie (D:8)
  A hound skeleton (D:4)
  A howler monkey zombie (D:11)
  2 worker ant zombies
  5 gnolls (Orc:2)
  12 adders
  4 naga simulacra (IceCv)
  2 shadow imps
  11 oozes
  2 adder zombies
  2 adder skeletons (D:5)
  4 worms
  2 dart slugs
  20 leopard geckos
  64 orcs
  10 ball pythons
  17 giant cockroaches
  9 goblins
  6 hobgoblins
  3 jackals (D:4)
  2 quokkas
  7 bats
  11 frilled lizards
  A giant cockroach zombie (D:5)
  2 goblin skeletons (D:9)
  2 goblin zombies (D:9)
  A hobgoblin skeleton (D:9)
  4 hobgoblin zombies (D:9)
  A jackal skeleton (D:4)
  19 kobolds
  A leopard gecko zombie (D:5)
  4 orc skeletons (D:9)
  12 orc zombies (D:9)
  A quokka skeleton (D:3)
  6 rats
  A plant (Lair:6)
809 creatures vanquished.

Vanquished Creatures (others)
  An orc wizard (D:13)
  9 fungi
  16 plants
26 creatures vanquished.

Grand Total: 835 creatures vanquished

Notes
Turn   | Place    | Note
-------+----------+-------------------------------------------
     0 | D:1      | Borgoz the Minotaur Gladiator began the quest for the Orb.
     0 | D:1      | Reached XP level 1. HP: 18/18 MP: 0/0
   161 | D:1      | Reached XP level 2. HP: 22/25 MP: 1/1
   276 | D:1      | Reached skill level 4 in Long Blades
   355 | D:1      | Reached skill level 1 in Armour
   685 | D:2      | Reached XP level 3. HP: 30/30 MP: 2/2
   964 | D:2      | Found a faded altar of an unknown god.
  1627 | D:3      | Reached XP level 4. HP: 37/38 MP: 3/3
  1643 | D:3      | Noticed Sigmund
  1668 | D:3      | Killed Sigmund
  1668 | D:3      | Reached skill level 5 in Long Blades
  1668 | D:3      | Reached XP level 5. HP: 42/45 MP: 4/4
  1820 | D:3      | Noticed Terence
  1827 | D:3      | Killed Terence
  1827 | D:3      | Reached skill level 5 in Dodging
  1827 | D:3      | Reached XP level 6. HP: 48/52 MP: 5/5
  2116 | D:4      | Found a stormy altar of Qazlal.
  2119 | D:4      | Found an iron altar of Okawaru.
  2270 | D:4      | Found a radiant altar of Vehumet.
  2303 | D:4      | Found a bloodstained altar of Trog.
  2334 | D:4      | Reached skill level 6 in Long Blades
  2381 | D:4      | Found a runed translucent door.
  2382 | D:4      | Noticed Crazy Yiuf
  2459 | D:4      | Reached XP level 7. HP: 43/59 MP: 6/6
  2602 | D:4      | Found Reywex's Food Shop.
  2775 | D:4      | Found a shimmering altar of Xom.
  2942 | D:4      | Killed Crazy Yiuf
  3199 | D:5      | Entered Level 5 of the Dungeon
  3211 | D:5      | Found a staircase to the Ecumenical Temple.
  3225 | Temple   | Entered the Ecumenical Temple
  3276 | Temple   | Became a worshipper of Ashenzari the Shackled
  3341 | D:5      | Found a glowing drain.
  3350 | Sewer    | Entered a sewer
  3704 | Sewer    | Reached skill level 7 in Long Blades
  3715 | Sewer    | Reached skill level 5 in Fighting
  3790 | D:5      | Found an opulent altar of Gozag.
  3937 | D:5      | Reached XP level 8. HP: 68/68 MP: 7/7
  4494 | D:6      | Noticed Eustachio
  4500 | D:6      | Killed Eustachio
  4500 | D:6      | Reached skill level 8 in Long Blades
  4506 | D:6      | Reached skill level 5 in Armour
  5232 | D:7      | Reached * piety under Ashenzari
  5599 | D:8      | Noticed a two-headed ogre
  5611 | D:8      | Killed a two-headed ogre
  5611 | D:8      | Reached skill level 9 in Long Blades
  5611 | D:8      | Reached XP level 9. HP: 21/78 MP: 8/8
  5981 | D:8      | Found a staircase to the Lair.
  6019 | D:8      | Found a snail-covered altar of Cheibriados.
  6094 | D:8      | Reached skill level 10 in Long Blades
  6200 | D:8      | Reached XP level 10. HP: 61/86 MP: 9/9
  6233 | D:8      | Noticed a three-headed hydra
  6240 | D:8      | Killed a one-headed hydra
  6240 | D:8      | Reached skill level 10 in Dodging
  6301 | D:8      | Reached skill level 11 in Long Blades
  6436 | D:8      | Found Gythusar's Magic Scroll Emporium.
  6575 | D:8      | Found Lead's Jewellery Shoppe.
  6624 | D:9      | Found a staircase to the Orcish Mines.
  8632 | D:9      | Noticed a two-headed ogre
  8641 | D:9      | Killed a two-headed ogre
  8641 | D:9      | Reached skill level 12 in Long Blades
  8641 | D:9      | Reached XP level 11. HP: 18/95 MP: 2/10
  9248 | D:10     | Entered Level 10 of the Dungeon
  9325 | D:10     | Noticed Erica
  9343 | D:10     | Killed Erica
  9344 | D:10     | Found a transporter.
  9632 | D:10     | Noticed Hylith's ghost (journeyman MfGl)
  9632 | D:10     | Identified the cursed +1 dire flail "Hyiv" {crush, MR-
                  | Str+2 Int+2}
  9632 | D:10     | Identified the +4 dire flail "Zudifept" {crush, rElec MR+}
  9632 | D:10     | Noticed a two-headed ogre
  9636 | D:10     | Found a transporter.
  9680 | D:10     | Reached ** piety under Ashenzari
  9748 | D:10     | Noticed a two-headed ogre
  9762 | D:10     | Killed a two-headed ogre
 10227 | D:10     | Found a stormy altar of Qazlal.
 10313 | D:10     | Found a blossoming altar of Fedhas.
 10471 | D:10     | HP: 4/97 [centaur/arrow (11)]
 10906 | D:10     | Found Opigofall's Antique Armour Emporium.
 11149 | D:11     | Identified the +3 flail "Egaonej" {protect, rF+}
 11203 | D:11     | Reached skill level 13 in Long Blades
 11238 | D:11     | Noticed a white ugly thing
 11245 | D:11     | Noticed a sixfirhy
 11547 | D:11     | Killed a white ugly thing
 11742 | D:11     | Paralysed by a hornet for 1 turns
 12147 | D:11     | Found a basalt altar of Yredelemnul.
 12236 | D:12     | Noticed a centaur warrior
 12242 | D:12     | Killed a centaur warrior
 12242 | D:12     | Reached XP level 12. HP: 90/106 MP: 9/11
 12248 | D:12     | Reached skill level 10 in Fighting
 12428 | D:12     | Noticed Gastronok
 12443 | D:12     | Killed Gastronok
 12515 | D:12     | Noticed Psyche
 12542 | D:12     | Killed Psyche
 12542 | D:12     | Reached skill level 14 in Long Blades
 12794 | D:12     | Noticed a five-headed hydra
 12801 | D:12     | Killed a four-headed hydra
 12833 | D:12     | Reached skill level 10 in Armour
 13141 | D:12     | Noticed Maurice
 13148 | D:12     | Killed Maurice
 13439 | D:13     | Noticed Urug
 13449 | D:13     | Killed Urug
 13954 | D:13     | Noticed a two-headed ogre
 13962 | D:13     | Killed a two-headed ogre
 14357 | D:13     | Noticed a two-headed ogre
 14372 | D:13     | HP: 7/162 [two-headed ogre/+0 giant spiked club (5)]
 14378 | D:13     | Killed a two-headed ogre
 14884 | D:13     | Reached skill level 15 in Long Blades
 14982 | D:13     | Reached XP level 13. HP: 95/116 MP: 9/12
 15046 | D:13     | Got the fustibalus of Idaboq {venom, MR- Str+7 Int+7}
 15258 | D:14     | Reached *** piety under Ashenzari
 15840 | D:14     | Found a gate to the Vaults.
 15844 | D:14     | HP: 1/116 [ice dragon/blast of cold (17)]
 16625 | D:14     | Identified a scroll of acquirement
 16674 | D:14     | Identified the +4 fustibalus of Idaboq {venom, MR- Str+7
                  | Int+7} (You found it on level 13 of the Dungeon)
 17252 | D:14     | Found a blossoming altar of Fedhas.
 17284 | D:15     | Entered Level 15 of the Dungeon
 17414 | D:15     | Found a staircase to the Depths.
 17479 | D:15     | Noticed a fire dragon
 17491 | D:15     | Killed a fire dragon
 17491 | D:15     | Reached skill level 16 in Long Blades
 17757 | D:15     | Reached skill level 15 in Dodging
 18176 | D:15     | Found a white marble altar of Elyvilon.
 18506 | Lair:1   | Entered Level 1 of the Lair of Beasts
 18701 | Lair:1   | Noticed Grum
 18709 | Lair:1   | Killed Grum
 18903 | Lair:1   | Reached XP level 14. HP: 111/126 MP: 13/13
 18957 | Lair:1   | Found an opulent altar of Gozag.
 18959 | Lair:1   | Reached **** piety under Ashenzari
 19476 | Lair:2   | Found the cursed +3 warlock's mirror {reflect}
 19494 | Lair:2   | Found a shimmering altar of Xom.
 20441 | Lair:3   | Found a staircase to the Snake Pit.
 20828 | Lair:3   | Found a staircase to the Swamp.
 21262 | Lair:3   | Identified the ring of Bugay {rN+ Int+4}
 21653 | Lair:4   | Reached skill level 17 in Long Blades
 22097 | Lair:4   | Got the war axe "Quqexeet" {freeze, Str+5}
 22881 | Lair:5   | Found a staircase to the Slime Pits.
 23751 | Lair:5   | Reached ***** piety under Ashenzari
 23782 | Lair:5   | Got the long sword of the Grey Skies {freeze, rPois Dex-4
                  | Stlth+}
 23783 | Lair:5   | Identified the +2 long sword of the Grey Skies {freeze,
                  | rPois Dex-4 Stlth+} (You found it on level 5 of the Lair of
                  | Beasts)
 23921 | Lair:6   | Entered Level 6 of the Lair of Beasts
 23958 | Lair:5   | HP: 6/129 [poisoned by a spiny frog]
 23963 | Lair:5   | HP: 5/129 [poisoned by a spiny frog]
 23968 | Lair:5   | HP: 3/129 [poisoned by a spiny frog]
 23974 | Lair:5   | HP: 3/129 [poisoned by a spiny frog]
 23982 | Lair:5   | HP: 4/129 [poisoned by a spiny frog]
 25020 | Lair:6   | Reached XP level 15. HP: 99/135 MP: 10/14
 25335 | Lair:6   | Reached skill level 18 in Long Blades
 25974 | Lair:6   | Identified the +11 war axe "Quqexeet" {freeze, Str+5} (You
                  | found it on level 4 of the Lair of Beasts)
 26158 | Orc:1    | Entered Level 1 of the Orcish Mines
 26183 | Orc:1    | Found a frozen archway.
 26189 | Orc:1    | Paralysed by an orc sorcerer for 7 turns
 26294 | IceCv    | Entered an ice cave
 26793 | IceCv    | Got the flail of Qowikh {freeze, MR++}
 27231 | Orc:2    | Entered Level 2 of the Orcish Mines
 27231 | Orc:2    | Found a staircase to the Elven Halls.
 27348 | Orc:2    | Noticed an orc warlord
 27765 | Orc:2    | Killed an orc warlord
 27778 | Orc:2    | Slain by an orc warrior

Levels and vault maps discovered:
D:1:      psy_arrival_spokes, layout_rooms, minmay_tromino_i2
D:2:      layout_basic, chequers_ecumenical_altar_island
D:3:      layout_rooms, first_ration, uniq_terence, uniq_sigmund
D:4:      layout_loops_cross, kennysheep_little_box,
          grunt_temple_overflow_diamond, serial_shops, shop_statue, bloody_trog,
          uniq_crazy_yiuf_cottage
D:5:      layout_rooms, grunt_gozag_breadcrumbs, minmay_temple_entry_wispy,
          portal_sewer_entry_d, minmay_misc_feat_plants
D:6:      layout_basic, uniq_eustachio
D:7:      layout_gridville
D:8:      layout_basic, slow_altar_2, dpeg_oklobed_lair, serial_shops,
          kennysheep_mini, shop, serial_glass, glass_columns_a, glass_columns_a,
          hangedman_ranch [blue_anna_fruit_fields]
D:9:      layout_basic, zombieorc2_lemuel, nrook_mini_backslash
D:10:     minmay_recursive_quarters, layout_small_grid, basic_altar,
          serial_shops, kennysheep_mini_moat, gammafunk_ghost_smash,
          lemuel_centaur_altar, uniq_erica
D:11:     layout_roguey, kennysheep_flooded_box, fungi_pond_lemuel
D:12:     layout_loops_ring, uniq_psyche, uniq_maurice, uniq_gastronok
D:13:     layout_loops_ring, minmay_hollow_rounded_squares, uniq_urug
D:14:     layout_cave_pods, david_vaults_5, fedhas_altar_fruit_tree
D:15:     grunt_enter_depths_snipers, layout_basic, lemuel_altar_in_water
Temple:   eino_temple_rhombus
Lair:1:   layout_roguey, basic_altar, beast_lair_carwin_7, uniq_grum
Lair:2:   layout_loops_ring, basic_altar, grunt_forest_small_clearings,
          st_stairs_13, grunt_megastairs_3
Lair:3:   layout_loops_ring, nicolae_swamp_entry_splash_gauntlet,
          guppyfry_snake_entry_garden, lemuel_old_faithful
Lair:4:   layout_long_grid, columned_hall_lemuel, minivault_11,
          serial_bayou_pond_c, minmay_lair_oklob_chamber
Lair:5:   layout_loops_ring, nicolae_slime_entry_slimehenge,
          kilobyte_rumbling_trees
Lair:6:   hangedman_lair_caniforms_friends, layout_regular_city,
          kennysheep_basilisk_garden, grunt_megastairs_4
Orc:1:    layout_diamond_mine, portal_ice_cave_entry_pillars_2, minmay_orc_keep
Orc:2:    grunt_orc_cross, layout_diamond_mine, serial_shops, shop

Skill      XL: |  1  2  3  4  5  6  7  8  9 10 11 12 13 14 15 |
---------------+----------------------------------------------+-----
Long Blades    | 4 5 6 7 9 10 12 13 15 16 17 18 | 18.4
Armour         | 1 2 3 4 5 6 8 9 10 11 12 13 | 13.3
Fighting       | 3 4 5 6 7 8 9 11 12 13 | 13.6
Dodging        | 4 5 6 8 9 11 12 13 15 16 17 | 17.1
Throwing       | |  2.0

Action                   |  1- 3 |  4- 6 |  7- 9 | 10-12 | 13-15 || total
-------------------------+-------+-------+-------+-------+-------++-------
Melee: Long sword        |    85 |    66 |   193 |       |       ||   344
       Headbutt          |    18 |    19 |    67 |   190 |   357 ||   651
       Short sword       |       |       |   124 |       |       ||   124
       Falchion          |       |       |       |   242 |       ||   242
       Scimitar          |       |       |       |   296 |   103 ||   399
       Great sword       |       |       |       |   144 |   841 ||   985
       Demon blade       |       |       |       |       |   148 ||   148
Throw: Throwing net      |       |     3 |     1 |     1 |       ||     5
Evoke: Wand              |       |       |     1 |     1 |    11 ||    13
  Use: Potion            |       |     5 |     1 |     8 |     7 ||    21
       Scroll            |       |     3 |     1 |    14 |    12 ||    30
 Stab: Held in net/web   |       |     1 |       |     1 |       ||     2
       Invisible         |       |       |     1 |       |     4 ||     5
       Distracted        |       |       |       |       |     1 ||     1
  Eat: Chunk             |     2 |     3 |    12 |    32 |    35 ||    84
       Ration            |       |       |       |     3 |     2 ||     5
Armor: Ring mail         |    30 |    20 |     3 |       |       ||    53
       Scale mail        |       |       |    90 |   150 |       ||   240
       Plate armour      |       |       |       |    19 |   401 ||   420
       Skin              |       |       |       |     5 |       ||     5
Dodge: Dodged            |    77 |    50 |   234 |   575 |   826 ||  1762
       Deflected         |       |       |       |       |    26 ||    26
       Rpst.: Long sword |    21 |    16 |    51 |       |       ||    88
       Falchion          |       |       |       |    53 |       ||    53
       Scimitar          |       |       |       |    44 |    12 ||    56
       Great sword       |       |       |       |    24 |   164 ||   188
       Demon blade       |       |       |       |       |    14 ||    14

Table legend:
 A = Non-vault XP
 B = Vault XP
 C = Vault XP percentage of total XP
 D = Non-vault monster count
 E = Vault monster count
 F = Vault count percentage of total count
                 A         B        C        D         E       F
            +---------+---------+-------+---------+---------+-------
      Total |   77279 |   51602 |  40.0 |     512 |     296 |  36.6
            +---------+---------+-------+---------+---------+-------
        D:1 |      33 |       4 |  10.8 |      20 |       2 |   9.1
        D:2 |      51 |       0 |   0.0 |      19 |       0 |   0.0
        D:3 |      75 |     256 |  77.3 |      20 |       2 |   9.1
        D:4 |     464 |      37 |   7.4 |      18 |       1 |   5.3
        D:5 |     187 |      13 |   6.5 |      12 |       1 |   7.7
        D:6 |     625 |     188 |  23.1 |      19 |       1 |   5.0
        D:7 |     342 |       0 |   0.0 |       7 |       0 |   0.0
        D:8 |    3404 |    2391 |  41.3 |      33 |      11 |  25.0
        D:9 |    2196 |     586 |  21.1 |      17 |      34 |  66.7
       D:10 |    1180 |    3098 |  72.4 |      16 |      12 |  42.9
       D:11 |    5233 |       0 |   0.0 |      46 |       0 |   0.0
       D:12 |    5394 |    3075 |  36.3 |      30 |       3 |   9.1
       D:13 |    4743 |    5446 |  53.4 |      30 |      15 |  33.3
       D:14 |    7651 |    3027 |  28.3 |      33 |       5 |  13.2
       D:15 |    8639 |    2409 |  21.8 |      19 |       3 |  13.6
     Lair:1 |    2761 |    1476 |  34.8 |      13 |      11 |  45.8
     Lair:2 |    5035 |     737 |  12.8 |      24 |       4 |  14.3
     Lair:3 |    6036 |    1170 |  16.2 |      23 |       8 |  25.8
     Lair:4 |    2302 |    2649 |  53.5 |      12 |       7 |  36.8
     Lair:5 |   10377 |    1765 |  14.5 |      33 |      16 |  32.7
     Lair:6 |    7049 |   11772 |  62.5 |      28 |      61 |  68.5
      Orc:1 |    2996 |     389 |  11.5 |      22 |       9 |  29.0
      Orc:2 |     506 |    4967 |  90.8 |      18 |      17 |  48.6
      Sewer |       0 |     339 | 100.0 |       0 |      49 | 100.0
      IceCv |       0 |    5808 | 100.0 |       0 |      24 | 100.0
            +---------+---------+-------+---------+---------+-------
